[Event "*** Titled Tuesday Blitz"]
[Site "Chess.com"]
[Date "2020.11.10"]
[Round "8"]
[White "MarceloPlaya"]
[Black "zala02"]
[Result "0-1"]
[WhiteElo "2281"]
[BlackElo "2159"]
[TimeControl "180+1"]
[EndTime "11:35:17 PST"]
[Termination "zala02 won on time"]

1. e4 c5 2. Nf3 Nc6 3. d4 cxd4 4. Nxd4 Nf6 5. Nc3 e5 6. Ndb5 d6 7. Bg5 a6 8. Na3 b5 9. Nd5 Be7 10. Nxe7 Qxe7 11. Bd3 O-O 12. O-O Be6 13. c4 b4 14.
Nc2 h6 15. Bxf6 Qxf6 16. Ne3 Nd4 17. Nd5 Bxd5 18. cxd5 a5 19. Rc1 Rfc8 20. Rxc8+ Rxc8 21. Qa4 Qd8 22. h3 Qb6 23. Qd7 Qc5 24. Kh2 g6 25. f4 Qc7 26. Qg4 Re8 27. f5 Kh7 28.
fxg6+ fxg6 29. Rf6 Rg8 30. h4 h5 31. Qg5 Rg7 32. g4 hxg4 33. Qxg4 a4 34. h5 gxh5 35. Qxh5+ Kg8 36. Qe8+ Kh7 37. Rf8 Kh6 38. Rh8+ Kg5 39. Rh3 Rh7 40. Qg8+ Rg7 41. Rg3+ Kf6 42. Qh8 Qf7 43.
Qh6+ Rg6 44. Qh4+ Kg7 45. Rxg6+ Qxg6 46. Qe7+ Kh6 47. Qf8+ Kg5 48. Qf2 Qh5+ 49. Kg2 Qg4+ 50. Qg3 Qxg3+ 51. Kxg3 a3 52. bxa3 bxa3 53. Bc4 Nc2 54.
Bb3 Nd4 55. Bc4 Nc2 56. Kf3 Nb4 57. Ke3 Nc2+ 58. Kd2 Nd4 59. Kc3 Kf4 60. Bd3 Ke3 61. Bb1 Ke2 62. Kb4 Kd2 63. Kxa3 Kc1 64. Bd3 Kd2 65. Bc4 Kc3 66. Bb3 Ne2 67. Ka4 Ng3 68. Kb5 Nxe4 69. Kc6 Kd4 70. a4 Nc5 71. a5 Nxb3 72.
a6 e4 73. a7 e3 74. a8=Q e2 0-1

[Event "*** Titled Tuesday Blitz"]
[Site "Chess.com"]
[Date "2020.11.10"]
[Round "8"]
[White "Orest_Vovk"]
[Black "German_Bazeev"]
[Result "0-1"]
[WhiteElo "2592"]
[BlackElo "2747"]
[TimeControl "180+1"]
[EndTime "11:35:25 PST"]
[Termination "German_Bazeev won by resignation"]

1. d4 Nf6 2. Bf4 d5 3. e3 c6 4. Nf3 Bg4 5. Be2 Bxf3 6. Bxf3 Nbd7 7. O-O e6 8. Nd2 Rg8 9. h4 Bb4 10. c3 Ba5 11. g3 Bc7 12. Bxc7 Qxc7 13. e4 dxe4 14.
Nxe4 Nxe4 15. Bxe4 Nf6 16. Bf3 O-O-O 17. Qe2 g5 18.
hxg5 Rxg5 19. Kg2 Rdg8 20. Rh1 a5 21. Rh3 e5 22. dxe5 Rxe5 23. Qc2 Qe7 24. Rd1 Qe6 25.
Rh6 Rg6 26. Rxg6 hxg6 27. b3 Re1 28. c4 Rxd1 29. Qxd1 Qe5 30. Qd2 Kc7 31. Qh6 Nd7 32. Qd2 Nf8 33. Bg4 f5 34. Bf3 Ne6 35. Qh6 Qg7 36. Qe3 Qf6 37. Qe1 Kb6 38. b4 axb4 39.
Qxb4+ Kc7 40. c5 Qd4 41. Qb6+ Kc8 42. Bxc6 bxc6 43. Qxc6+ Nc7 44. Qxg6 Qxc5 45. Qg8+ Kd7 46. Qf7+ Kc6 47. Qf6+ Kb7 48. Qb2+ Ka7 49. Qb3 Nd5 50.
Qa4+ Kb6 51. Qb3+ Kc6 52. Qa4+ Kd6 53. Qa6+ Ke5 54. Qe2+ Kf6 55. Qa6+ Kf7 56. Qb7+ Ne7 57. Qb3+ Kf6 58. Qb2+ Kg6 59. Qb3 Nd5 60. Qf3 Nf6 61. Qe3 Qd5+ 62. Qf3 Qxa2 63. Qf4 Qd5+ 64. Qf3 Qxf3+ 65.
Kxf3 Kg5 66. Ke3 Kg4 67. Ke2 Nh5 68. Ke3 Nxg3 69. f3+ Kg5 70. Kf2 Nh5 71. Kg2 Nf4+ 72.
Kg3 Ng6 73. Kf2 Kf6 74. Ke2 Ke6 75. Ke3 Ne7 76. Kf4 Kf6 77. Ke3 Ke5 78. f4+ Kd5 79.
Kd3 Ng6 80. Ke3 Nf8 81. Kd3 Ne6 82. Ke3 Nd8 83. Kd3 Nc6 84. Ke3 Nb4 85. Kf3 Kd4 86. Kg3 Ke4 0-1

[Event "*** Titled Tuesday Blitz"]
[Site "Chess.com"]
[Date "2020.11.10"]
[Round "8"]
[White "mapleaff"]
[Black "B-man"]
[Result "1-0"]
[WhiteElo "2405"]
[BlackElo "2550"]
[TimeControl "180+1"]
[EndTime "11:35:27 PST"]
[Termination "mapleaff won on time"]

1. e4 c5 2. Nf3 d6 3. Bb5+ Nd7 4. O-O Nf6 5. Re1 a6 6. Bf1 g5 7. e5 dxe5 8. Nxe5 Qc7 9. Nxd7 Bxd7 10. Nc3 Bc6 11. d4 O-O-O 12. Bxg5 Rxd4 13. Qe2 Rg8 14. Bxf6 exf6 15. g3 Bd6 16. Bg2 f5 17. Qh5 Bxg2 18. Qxf5+ Kb8 19. Kxg2 Rd2 20. Ne4 Qc6 21. Kg1 Rd5 22.
Qxf7 Rd8 23. Nc3 Rd2 24. Qf6 Bc7 25. Qxc6 bxc6 26. Re2 Rxe2 27. Nxe2 Rd2 28. Kf1 Rxc2 29. b3 a5 30. a4 Rb2 31. Rc1 Bb6 32. Rc3 Kb7 33. Rf3 Bc7 34. h4 Kb6 35. Kg2 Be5 36. g4 Bd4 37. g5 Rd2 38. Ng3 c4 39. bxc4 Bc5 40. h5 Ra2 41. g6 hxg6 42. hxg6 Bd4 43.
Nf5 Ba1 44. g7 Bxg7 45. Nxg7 Rxa4 46. Nf5 Rxc4 47. Ne3 Rc1 48. Rf8 a4 49. Ra8 Kb5 50. Kf3 Kb4 51. Ke2 a3 52. Kd2 Rh1 53. Nc2+ Kc5 54. Rxa3 Rf1 55. Ke2 Rc1 56. Rc3+ Kb6 57. Rb3+ Kc7 58. Ne3 Ra1 59. Rd3 Ra2+ 60. Rd2 Ra1 61.
f4 Ra4 62. Kf3 Ra3 63. f5 c5 64. Kf4 Kc6 65. f6 Ra4+ 66. Kf5 c4 67. f7 Ra8 68. Kf6 Kc5 69. Rc2 Kd4 70. Nxc4 Kd3 71.
Rc1 Ra6+ 72. Kg7 Ra7 73. Ne5+ Ke4 74. Ng6 Kf5 75. Rf1+ Kg5 76. Rg1+ Kf5 77. Kg8 Ke6 78. f8=Q Rg7+ 79. Kxg7 1-0

[Event "*** Titled Tuesday Blitz"]
[Site "Chess.com"]
[Date "2020.11.10"]
[Round "8"]
[White "Mikhal867"]
[Black "zajka-molotok"]
[Result "1-0"]
[WhiteElo "2351"]
[BlackElo "2497"]
[TimeControl "180+1"]
[EndTime "11:35:32 PST"]
[Termination "Mikhal867 won by resignation"]

1. e4 e5 2. Nf3 Nc6 3. Bb5 a6 4. Bxc6 dxc6 5. O-O f6 6. d4 exd4 7. Qxd4 Qxd4 8. Nxd4 Bd7 9. Nc3 O-O-O 10. Be3 c5 11.
Nb3 b6 12. a4 a5 13. Nd5 Ne7 14. c4 Nc6 15. Bf4 Ne5 16. Bxe5 fxe5 17. Nd2 Kb7 18. Nf3 Bd6 19. b3 Rhe8 20. h3 Bf8 21. Rad1 Bc8 22. Ne3 Bd6 23. Ng4 Rd7 24. Rd5 Rde7 25. Rfd1 Be6 26. R5d3 Bf7 27. Ne3 Bg6 28. Nd2 Rf7 29.
f3 Kc8 30. Nb1 Be7 31. Nc3 Bg5 32. Ng4 h5 33. Ne3 Bf4 34. Ned5 Bg3 35. Nb5 Ref8 36.
Ne3 Bf4 37. Nf1 h4 38. Rd5 Re7 39. R5d3 Be8 40. Rd8+ Kb7 41. Nh2 Ref7 42. R8d3 Bc6 43. Ng4 Kc8 44. Na7+ Kb7 45. Nb5 Kc8 46. Ne3 Rd7 47.
Rxd7 Bxd7 48. Nd5 Bxb5 49. axb5 Kb7 50. Ne7 Rf7 51. Nc6 Bg5 52. Nxe5 Re7 53. Nc6 Rf7 54. Kf2 Rf8 55. Ke2 Re8 56. Rd5 Bf6 57. Kd3 Ra8 58. e5 Bg5 59. Ke4 a4 60. f4 Bh6 61. bxa4 Rxa4 62.
Rd8 Ra8 63. Rxa8 Kxa8 64. Kf5 Kb7 65. Nd8+ Kc8 66. Nf7 Kd7 67. Nxh6 gxh6 68. Kf6 Ke8 69. Ke6 h5 70. f5 Kf8 71. f6 Ke8 72. Kd5 Kd7 73. e6+ Ke8 74. Kc6 Kd8 75. e7+ Ke8 76. Kxc7 Kf7 77. Kd7 Kxf6 78. e8=Q Kf5 79. Qe3 Kf6 80.
Kd6 Kf5 81. Qf3+ Kg5 82. Ke6 Kg6 83. Qf6+ Kh7 84. Qg5 Kh8 85. Kf7 1-0

[Event "*** Titled Tuesday Blitz"]
[Site "Chess.com"]
[Date "2020.11.10"]
[Round "8"]
[White "esapunov"]
[Black "Chigorinetz"]
[Result "1/2-1/2"]
[WhiteElo "2713"]
[BlackElo "2564"]
[TimeControl "180+1"]
[EndTime "11:35:56 PST"]
[Termination "Game drawn by stalemate"]

1. c4 Nc6 2. Nc3 e5 3. Nf3 a5 4. a3 Bc5 5. Nxe5 Bxf2+ 6. Kxf2 Nxe5 7. e3 Nf6 8. d4 Ng6 9. Bd3 d5 10. Rf1 O-O 11. Kg1 c6 12. b3 Be6 13. c5 b6 14.
cxb6 Qxb6 15. Bd2 Nd7 16. Na4 Qd8 17. Qc2 Rc8 18. Rac1 Qg5 19. Rf2 Nf6 20. Nc5 Ng4 21.
Rf3 Qh4 22. h3 Nf6 23. Rcf1 Rfe8 24. Bxa5 Ra8 25. Be1 Qg5 26. a4 Bc8 27. Qf2 Ra7 28. Bd2 Qh5 29. Be2 Qg5 30. Rg3 Qh6 31. Bd3 Ne4 32. Nxe4 dxe4 33. a5 exd3 34. e4 Qh4 35. e5 Qe4 36. Re1 Qd5 37. Rxd3 Be6 38. b4 Raa8 39. Rc3 Red8 40. Be3 Qb5 41. Rb1 Bd5 42. Rc5 Qb7 43. Kh2 Qd7 44. Qg3 Rdb8 45. Bg5 Qf5 46. Rb2 h6 47. Be3 Rb7 48. Rf2 Qe4 49. Bd2 Rb5 50. Bc3 Rxc5 51. dxc5 Be6 52. Qf3 Qxf3 53. Rxf3 Bc4 54. Rf2 Ne7 55. Rf4 Bb5 56.
Bd2 Nd5 57. Re4 Kf8 58. e6 f6 59. g4 Ke7 60. Be1 Ba4 61. Bg3 Bc2 62. Bd6+ Ke8 63. Rd4 Ra7 64. Kg3 Ba4 65. h4 Bb5 66. g5 hxg5 67. hxg5 fxg5 68. Kg4 Ba6 69. Kxg5 Bc8 70. Re4 Nc3 71. Re5 Rb7 72. Kg6 Rxb4 73. e7 Re4 74.
Rg5 Rg4 75. Rxg4 Bxg4 76. a6 Bc8 77. a7 Bb7 78. Kxg7 Nb5 79. Bb8 Kxe7 80. Kg6 Ke6 81.
Kg7 Ke7 82. Kg6 Ke6 83. Kg7 Kd5 84. Kf7 Kxc5 85. Ke7 Kb6 86. Kd7 Nxa7 87. Bf4 Nb5 88.
Be3+ c5 89. Bxc5+ Kxc5 90. Ke6 Bd5+ 91. Kf6 Kd6 92. Kf5 Nd4+ 93. Kf6 Be4 94. Kf7 Nc6 95. Kf6 Ne7 96. Kf7 Nd5 97. Kg7 Bf5 98. Kf7 Ke5 99.
Kg7 Ke6 100. Kf8 Kf6 101. Kg8 Ne7+ 102. Kh8 Be4 1/2-1/2

[Event "*** Titled Tuesday Blitz"]
[Site "Chess.com"]
[Date "2020.11.10"]
[Round "8"]
[White "LyonBeast"]
[Black "exoticprincess"]
[Result "1/2-1/2"]
[WhiteElo "3067"]
[BlackElo "2887"]
[TimeControl "180+1"]
[EndTime "11:36:06 PST"]
[Termination "Game drawn - insufficient material"]

1. Nf3 d5 2. e3 c6 3. b3 Nf6 4. Bb2 Bg4 5. Be2 e6 6. O-O Nbd7 7. c4 Be7 8. d3 O-O 9. Nbd2 a5 10. a3 Qb6 11. Qc2 Rfc8 12. Rfc1 Qd8 13. Qd1 Bh5 14. Nd4 Bg6 15. cxd5 exd5 16. Nf1 Bf8 17. Ng3 Qb6 18. Rab1 Re8 19. h4 h6 20. h5 Bh7 21. Ndf5 Qc7 22. b4 axb4 23. axb4 Qd8 24. b5 c5 25. Ra1 Qb6 26.
Qb3 Qe6 27. Nh4 Ne5 28. Rxa8 Rxa8 29. Bxe5 Qxe5 30. d4 cxd4 31. Nf3 Qd6 32. Nxd4 Qd7 33. Bd3 Be4 34. Bxe4 dxe4 35. b6 Bd6 36. Ngf5 Be5 37. Qb5 Qxb5 38. Nxb5 Nxh5 39. Nfd6 Nf6 40. Nc4 Rc8 41.
Nc7 Bxc7 42. Nd6 Bxd6 43. Rxc8+ Kh7 44. Rd8 Bc5 45. Rb8 Bxb6 46. Rxb7 Bc5 47. Rxf7 Kg6 48. Rb7 Bd6 49. Rb5 Kf7 50. f3 exf3 51. gxf3 g5 52. Kg2 Kg6 53. Rb6 Bc5 54. Rb3 Nd5 55. e4 Nf4+ 56. Kg3 h5 57. Rb5 Ne2+ 58. Kg2 Be3 59. Rb3 Nf4+ 60. Kg3 Ne2+ 61. Kg2 Bd4 62. Ra3 h4 63. Ra6+ Kh5 64. Ra5 Nf4+ 65. Kh2 Bf2 66. Ra8 Bg3+ 67. Kg1 h3 68. Rh8+ Kg6 69. Kh1 Nd3 70.
Rxh3 Nf2+ 71. Kg2 Nxh3 72. Kxg3 Nf4 73. Kg4 Ne6 74. Kg3 Kf6 75. Kg4 Ke5 76. Kg3 Kf6 77.
Kg4 Nf4 78. Kg3 Ng6 79. Kg4 Ne5+ 80. Kg3 Nd3 81. Kg4 Kg6 82. Kg3 Kh5 83. Kh3 Nf4+ 84.
Kg3 Kg6 85. Kg4 Nh5 86. Kh3 Nf6 87. Kg3 Kf7 88. Kh3 Ke6 89. Kg2 Kd6 90. Kf2 Ke5 91. Kg3 Kd4 92. Kf2 Nh5 93. Ke2 Nf4+ 94. Kf2 Ne6 95.
Kg3 Ke3 96. Kg4 Kf2 97. e5 Ke3 98. Kf5 Kxf3 99. Kxe6 g4 100. Kf7 g3 101. e6 g2 102. e7 g1=Q 103. e8=Q Qg4 104. Qe6 Qxe6+ 105. Kxe6 1/2-1/2

[Event "*** Titled Tuesday Blitz"]
[Site "Chess.com"]
[Date "2020.11.10"]
[Round "8"]
[White "WiktoriaPOL"]
[Black "The_Machine04"]
[Result "0-1"]
[WhiteElo "2097"]
[BlackElo "2287"]
[TimeControl "180+1"]
[EndTime "11:36:14 PST"]
[Termination "The_Machine04 won on time"]

1. c4 d6 2. Nc3 Nf6 3. g3 e5 4. Bg2 c6 5. d4 Nbd7 6. dxe5 dxe5 7. Nf3 Be7 8. O-O O-O 9. b3 Qc7 10. Bb2 Re8 11. Qc2 a5 12. Rad1 Bc5 13. Ne4 Nxe4 14.
Qxe4 f6 15. a3 Nf8 16. Qc2 Be6 17. Nd2 Rad8 18. Ne4 Be7 19. Rxd8 Rxd8 20. Rd1 Rxd1+ 21.
Qxd1 Qd7 22. Qxd7 Nxd7 23. Bc3 Bxa3 24. Bxa5 Nc5 25. Nxc5 Bxc5 26. b4 Bd4 27. e3 Bc3 28.
c5 Kf7 29. Kf1 f5 30. Ke2 Bc4+ 31. Kd1 e4 32. Kc2 Be1 33. f3 Bd5 34. fxe4 fxe4 35.
Kd1 Bc3 36. Kc2 Be5 37. Bd8 h6 38. Bh3 Ke8 39. Bb6 Bc4 40. Bc8 Ba6 41. Bf5 Bd3+ 42. Kd2 g5 43. Bg6+ Ke7 44. Bf5 Kf6 45. Bc8 Ba6 46.
Bd7 Ke7 47. Bf5 Bd3 48. Bc8 Ba6 49. Bf5 Bd3 50. Kc1 Ba6 51. Bxe4 Kf6 52. Bc2 Bc3 53. e4 Ke5 54. Bc7+ Kd4 55. e5 Bxb4 56. e6 Bxc5 57. Bd8 Ke5 58. e7 Bxe7 59. Bxe7 Bc4 60. Bf8 h5 61. Bh6 Kf6 62. Bf8 Be6 63. Bc5 Bf5 64.
Kd2 Bxc2 65. Kxc2 Kf5 66. Kd3 Kg4 67. Ke2 Kh3 68. Bg1 Kg2 69. Be3 Kxh2 70. Kf2 g4 71. Bf4 Kh3 72. Be3 h4 73. Bf4 hxg3+ 74. Bxg3 b5 75.
Bf4 c5 76. Be3 c4 77. Bd2 g3+ 78. Kg1 Kg4 79. Bc3 Kf3 80. Bb4 Ke2 81. Kg2 Kd3 82.
Kxg3 c3 83. Ba3 c2 84. Kf2 b4 85. Bc1 b3 86. Kf3 Kc3 87. Ke3 b2 88. Bd2+ Kb3 89. Kd3 b1=Q 90. Ke3 Qd1 91. Kd3 c1=Q 92. Ke3 Qcc2 0-1

[Event "*** Titled Tuesday Blitz"]
[Site "Chess.com"]
[Date "2020.11.10"]
[Round "8"]
[White "sara_khm"]
[Black "lider34"]
[Result "1/2-1/2"]
[WhiteElo "2576"]
[BlackElo "2421"]
[TimeControl "180+1"]
[EndTime "11:36:20 PST"]
[Termination "Game drawn - timeout vs insufficient material"]

1. Nf3 g6 2. d4 Bg7 3. g3 d6 4. c4 Nf6 5. Bg2 O-O 6. O-O Nbd7 7.
Nc3 e5 8. e4 c6 9. h3 a5 10. Be3 a4 11. Qc2 Qa5 12. Rab1 b5 13. cxb5 cxb5 14. b4 axb3 15. Qxb3 Ba6 16. Rfd1 Rab8 17.
Nd5 Nxd5 18. Qxd5 Nf6 19. Qxd6 Nxe4 20. Qb4 Qxb4 21. Rxb4 Nc3 22. Rd2 e4 23. Ng5 f5 24.
Ne6 Rfc8 25. Nxg7 Kxg7 26. d5 Kf7 27. f3 Rc4 28. Rxc4 bxc4 29. fxe4 Nxe4 30. Bxe4 fxe4 31. Rd4 Rb1+ 32. Kf2 Rb2+ 33. Ke1 c3 34. Rxe4 Re2+ 35. Kd1 c2+ 36. Kc1 Bd3 37. Rf4+ Ke8 38. Bd2 Rg2 39.
Rf3 Rg1+ 40. Kb2 Rb1+ 41. Ka3 Bc4 42. Rc3 Bxd5 43. Rxc2 h5 44. Bf4 Rh1 45. Re2+ Kd7 46.
h4 Ra1 47. Rd2 Kc6 48. Rc2+ Kb5 49. Be3 Bc4 50. Rb2+ Kc6 51. Kb4 Rxa2 52. Rb1 Be6 53. Rc1+ Kd5 54. Rc5+ Ke4 55. Bf4 Bf5 56. Re5+ Kf3 57.
Re3+ Kg4 58. Kc5 Rc2+ 59. Kd6 Rd2+ 60. Ke7 Rd3 61. Re5 Rxg3 62. Bxg3 Kxg3 63. Kf6 Kxh4 64. Ra5 Kg4 65. Ra4+ Kf3 66. Kg5 Kg3 67. Ra3+ Kf2 68.
Kf4 h4 69. Ra2+ Ke1 70. Rh2 Kf1 71. Rxh4 Kg2 72. Kg5 Kg3 73. Ra4 Kh3 74. Ra3+ Kg2 75. Kf4 Kf2 76. Ra2+ Ke1 77. Ke3 Kf1 78. Kf3 Ke1 79.
Rf2 Kd1 80. Ke3 Kc1 81. Rd2 Kb1 82. Ke2 Kc1 83. Rd8 Bc2 84. Rc8 Kb1 85. Kd2 Bf5 86. Rb8+ Ka2 87. Kc1 Be4 88. Kd2 Bf5 89. Kc3 Ka1 90.
Ra8+ Kb1 91. Ra5 Be4 92. Re5 Bf5 93. Rb5+ Ka1 94. Re5 Kb1 95. Rb5+ Ka1 96. Rxf5 Kb1 97. Kd4 gxf5 98. Ke5 1/2-1/2

[Event "*** Titled Tuesday Blitz"]
[Site "Chess.com"]
[Date "2020.11.10"]
[Round "8"]
[White "SerGo055"]
[Black "smartinusa"]
[Result "1-0"]
[WhiteElo "2473"]
[BlackElo "2613"]
[TimeControl "180+1"]
[EndTime "11:36:27 PST"]
[Termination "SerGo055 won on time"]

1. d4 c5 2. c3 Nf6 3. Nf3 e6 4. Bf4 Nc6 5. e3 d5 6. Nbd2 Bd6 7. Bg3 Qe7 8. Be2 e5 9. dxe5 Nxe5 10. Nxe5 Bxe5 11. Nf3 Bxg3 12. hxg3 O-O 13. O-O Rd8 14.
Qc2 Ng4 15. Rad1 Be6 16. c4 Qf6 17. cxd5 Bxd5 18. Qxc5 Bxa2 19. Rxd8+ Rxd8 20. Nd4 Ne5 21. Qxa7 Bd5 22. Rc1 Nc6 23. Nxc6 Bxc6 24. Qb6 Rd2 25. Bf3 Rxb2 26. Qc7 g6 27. Rf1 Bxf3 28. gxf3 Qxf3 29. Qc3 Qe2 30. Qf6 Rd2 31. Kg2 Rd1 32. Rxd1 Qxd1 33. Qb6 Qd5+ 34. Kg1 h5 35. Qc7 Kg7 36. Qb6 g5 37. Qb2+ Kg6 38. Qb6+ f6 39. Qb4 b5 40. e4 Qc4 41. Qe7 Qf7 42. Qc5 Qb7 43. Qf5+ Kg7 44.
e5 fxe5 45. Qxg5+ Kf8 46. Qf6+ Ke8 47. Qxe5+ Kd7 48. Qxh5 b4 49. Qf7+ Kc6 50. Qc4+ Kd6 51. Qd4+ Kc7 52. Qc4+ Kb8 53. Qb3 Ka7 54. g4 Ka6 55. g5 Ka5 56. g6 Qe4 57. Qg3 Qe1+ 58. Kh2 Qe6 59. g7 Qg8 60. Qg5+ Ka4 61. Qh6 Qb8+ 62.
Kg2 Qb7+ 63. f3 Qf7 64. Qh8 Qg6+ 65. Kf2 Qb6+ 66. Kg3 Qg6+ 67. Kh2 Qd6+ 68. Kh3 Qe6+ 69. Kg3 Qe5+ 70. Kf2 Qd4+ 71. Kg2 Qd2+ 72. Kh3 Qd7+ 73. Kg3 Qd6+ 74. f4 Qg6+ 75. Kf3 Qd3+ 76. Kg4 Qg6+ 77. Kh4 Qf6+ 78. Kg3 Qg6+ 79. Kh2 Qc2+ 80. Kh3 Qd3+ 81. Kh4 Qc4 82. g8=Q Qxf4+ 83. Kh5 Qf2 84. Qe8+ Ka3 85. Qhf8 Qh2+ 86. Kg6 Qg2+ 87. Kh7 Qh2+ 88. Kg8 Qc2 89. Qg7 Qb3+ 90. Qef7 Qc2 91. Qa7+ Kb3 92. Qgf7+ Kb2 93.
Qd4+ Kb1 94. Qf1+ Ka2 95. Qda1+ Kb3 96. Qfb1+ Kc4 97. Qxc2+ Kb5 98. Qe5+ 1-0

[Event "*** Titled Tuesday Blitz"]
[Site "Chess.com"]
[Date "2020.11.10"]
[Round "8"]
[White "Zhuu96"]
[Black "Zkid"]
[Result "1/2-1/2"]
[WhiteElo "2897"]
[BlackElo "2789"]
[TimeControl "180+1"]
[EndTime "11:36:34 PST"]
[Termination "Game drawn - insufficient material"]

1. d4 d5 2. Nf3 Nf6 3. c4 dxc4 4.
Nc3 a6 5. a4 Nc6 6. Bg5 Bg4 7.
e3 Na5 8. Be2 e6 9. Ne5 Bxe2 10.
Qxe2 Be7 11. O-O O-O 12. Nxc4 Nxc4 13. Qxc4 Rc8 14. Qb3 Qd6 15. Qxb7 Rb8 16. Qf3 Rxb2 17. Bxf6 Bxf6 18. Ne4 Qe7 19. Rfb1 Rbb8 20. g3 h6 21. a5 Rfc8 22. Qe2 Ra8 23. Qc4 Qd8 24. Rb7 Be7 25. Rc1 c6 26. Rb6 Qd5 27. Nc5 Bd8 28. Rxa6 Qxc4 29. Rxc4 Rxa6 30. Nxa6 Bxa5 31. e4 Rd8 32. Nc5 Bb6 33. Nb3 Kf8 34. Kf1 Ke7 35. Ke2 Kd7 36. Ra4 Kc7 37. f4 f5 38. e5 Rd5 39.
Rc4 Rb5 40. Rc3 Rb4 41. Kd3 Ra4 42. Rc2 Ra3 43. Kc4 g5 44. Kb4 Ra8 45. fxg5 hxg5 46. h4 gxh4 47. gxh4 Rh8 48. Rh2 Rh5 49. Kc4 Kd7 50. Nd2 Bd8 51. Nf3 Be7 52. Ra2 Ke8 53. Ra6 Bxh4 54. Rxc6 Kd7 55. Rd6+ Ke7 56. Ra6 Kf7 57.
Ra7+ Be7 58. d5 exd5+ 59. Kxd5 f4 60. Nd4 Ke8 61. Nc6 Bh4 62. Kd6 f3 63. Ra8+ Kf7 64.
e6+ Kg7 65. e7 Bxe7+ 66. Nxe7 f2 67. Ra1 Kf6 68. Rf1 Rh2 69. Nc6 Kf5 70. Kd5 Kf4 71. Nd4 Ke3 72. Ke5 Rh5+ 73. Nf5+ Ke2 74. Ra1 f1=Q 75.
Rxf1 Kxf1 76. Kf4 Rh8 77. Kg4 Kf2 78. Kf4 Ra8 79. Ke4 Ra4+ 80. Ke5 Kf3 81. Nd4+ Ke3 82. Nf5+ Kd3 83. Nd6 Ra5+ 84. Ke6 Kd4 85. Nf5+ Ke4 86. Nd6+ Kf4 87. Nc4 Rc5 88. Nd6 Re5+ 89. Kf6 Re2 90. Nc4 Ke4 91. Nd6+ Kd5 92. Nf5 Rf2 93. Kg5 Ke5 94.
Ne3 Rf3 95. Ng4+ Ke6 96. Nh2 Rf5+ 97. Kg4 Rf8 98. Nf3 Kd5 99. Ng5 Ke5 100. Nf3+ Ke4 101. Ng5+ Ke3 102. Ne6 Rf6 103. Ng5 Rf4+ 104. Kg3 Ra4 105. Nf3 Ke4 106. Ng5+ Kf5 107. Nf3 Ra3 108. Kf2 Kf4 109. Nd2 Re3 110. Nf1 Rd3 111. Ke2 Ra3 112. Nd2 Rc3 113.
Nf1 Rc2+ 114. Kd3 Rf2 115. Nd2 Rxd2+ 116. Kxd2 1/2-1/2

[Event "*** Titled Tuesday Blitz"]
[Site "Chess.com"]
[Date "2020.11.10"]
[Round "8"]
[White "Gabrielian_Artur"]
[Black "Pliukha_Mikhail"]
[Result "1/2-1/2"]
[WhiteElo "2764"]
[BlackElo "2501"]
[TimeControl "180+1"]
[EndTime "11:38:41 PST"]
[Termination "Game drawn by repetition"]

1. d4 Nf6 2. c4 e6 3. Nc3 Bb4 4. e3 b6 5. Ne2 Bb7 6. a3 Be7 7. Ng3 d5 8. cxd5 Nxd5 9. e4 Nxc3 10. bxc3 O-O 11. Bd3 c5 12. Be3 cxd4 13. cxd4 Nc6 14. Ne2 Rc8 15. O-O Na5 16. Qb1 Nc4 17. Bf4 Bg5 18.
Bxg5 Qxg5 19. Qb4 a5 20. Qe1 Nb2 21. Bb1 Ba6 22. Ra2 Nd3 23. Qd2 Qb5 24. Rd1 Qb3 25. h3 Rfd8 26. Rc2 Qxa3 27. Rxc8 Rxc8 28. Bxd3 Bb7 29.
Rb1 Qd6 30. Qb2 Rc6 31. e5 Qd8 32. Be4 Rc7 33. Bxb7 Rxb7 34. Qb5 h6 35. Ng3 Rb8 36. Ne2 Qc7 37. Rc1 Qd8 38. Rc6 Kh7 39. f4 Qd7 40. Qc4 b5 41. Qc2+ Kh8 42. Rd6 Qe7 43. f5 exf5 44.
Nf4 b4 45. Nd5 b3 46. Qxb3 Qxd6 47. Qc4 Qd7 48. Nf4 Qe8 49. Qd5 a4 50. Qa2 Qb5 51. Kh2 Qb3 52. Qe2 a3 53. d5 a2 54. Qe1 Qb1 55.
Qg3 Qe4 56. Nh5 g6 57. Nf6 Qd4 58. e6 Qxf6 59. Qxb8+ Kg7 60. e7 Qxe7 61. Qb2+ Qf6 62. Qxa2 Qd6+ 63. Kh1 f4 64. Qb2+ Kf8 65. Qh8+ Ke7 66.
Qxh6 Qxd5 67. Qxf4 Qe6 68. Qf2 Kf8 69. Kg1 Kg7 70.
Qd4+ Kg8 71. Qd2 Qe4 72. Kf2 Qf5+ 73. Kg1 Qe5 74. Qd3 Qe1+ 75. Kh2 Qe5+ 76. g3 Qc5 77.
Kg2 Qc6+ 78. Kf2 Qe6 79. g4 Qf6+ 80. Kg3 Qe5+ 81. Kg2 Qe1 82. Qd8+ Kh7 83. Qf6 Qe2+ 84. Kg3 Qe3+ 85. Kg2 Qe4+ 86. Kf2 Kg8 87. g5 Qh1 88. Qd8+ Kh7 89. Qf6 Qh2+ 90. Ke1 Qg3+ 91. Ke2 Qg2+ 92. Ke1 Kg8 93. h4 Qg3+ 94. Qf2 Qe5+ 95. Kf1 Qe4 96. Kg1 Qg4+ 97. Kf1 Kf8 98. Ke1 Kg8 99. Kf1 Qe4 100. Qg3 Qh1+ 101. Kf2 Kg7 102. Ke3 Qf1 103. Qe5+ Kg8 104. Qf4 Qe1+ 105. Kf3 Qg1 106. Ke4 Qg2+ 107. Ke5 Qc6 108. Kd4 Qg2 109. Ke3 Qg1+ 110. Ke4 Qc5 111. Kf3 Qd5+ 112. Kg3 Qd3+ 113. Qf3 Qd2 114. Qf4 Qd5 115. Kf2 Qh1 116. Ke3 Qg2 117. Kd4 Qc6 118. Ke3 Qe6+ 119. Kf2 Qh3 120. Ke2 Kf8 121. Kd2 Ke7 122. Ke2 Ke8 123. Qe5+ Kf8 124. Qh8+ Ke7 125. Qe5+ Kf8 126. Qf4 Qg2+ 127. Ke3 Qd5 128. Kf2 Kg8 129. Kg3 Qd3+ 130. Qf3 Qd6+ 131. Kg4 Qb4+ 132. Kg3 Qc4 133. h5 gxh5 134. Qxh5 Qd3+ 135. Kf4 Qd4+ 136. Kg3 Qe5+ 137. Kf3 Kf8 138. Qh6+ Ke7 139. Kg4 Qe4+ 140. Kg3 Qf5 141. Qh4 Ke6 142. Qc4+ Ke5 143. Qc5+ Ke6 144. Qc8+ Ke5 145. Qc5+ Ke4 146. Qc2+ Ke5 147. Qc5+ 1/2-1/2

[Event "*** Titled Tuesday Blitz"]
[Site "Chess.com"]
[Date "2020.11.10"]
[Round "9"]
[White "zmeeed67"]
[Black "Deepweb2020"]
[Result "1-0"]
[WhiteElo "2365"]
[BlackElo "2233"]
[TimeControl "180+1"]
[EndTime "11:47:36 PST"]
[Termination "zmeeed67 won by checkmate"]

1. e4 e5 2. Nf3 Nc6 3. c3 d5 4. Qa4 Qd6 5. exd5 Qxd5 6. Bc4 Qe4+ 7. Kd1 Qg6 8. Nxe5 Qxg2 9. Re1 Ne7 10. Bxf7+ Kd8 11.
d4 Nxe5 12. Qe8# 1-0

[Event "*** Titled Tuesday Blitz"]
[Site "Chess.com"]
[Date "2020.11.10"]
[Round "9"]
[White "temus_galaktionov"]
[Black "MasterKroket"]
[Result "1-0"]
[WhiteElo "2616"]
[BlackElo "2428"]
[TimeControl "180+1"]
[EndTime "11:48:03 PST"]
[Termination "temus_galaktionov won by resignation"]

1. d4 Nf6 2. Nf3 e6 3. c4 b6 4. g3 Bb7 5. Bg2 Be7 6. Nc3 O-O 7. Qc2 c5 8. d5 exd5 9. Nh4 Qc8 10. cxd5 d6 11.
Nf5 Re8 12. Nxe7+ Rxe7 13. Bf4 Qd7 14. O-O b5 15. Bg5 Re8 16. Bxf6 gxf6 17. Ne4 Qe7 18. Qc3 Nd7 19. Rad1 b4 20. Qf3 Qe5 21. Qg4+ Kh8 22. Qxd7 Re7 23. Qxd6 1-0

[Event "*** Titled Tuesday Blitz"]
[Site "Chess.com"]
[Date "2020.11.10"]
[Round "9"]
[White "RobPeresian"]
[Black "ARTHURMOTIVATOR"]
[Result "0-1"]
[WhiteElo "2443"]
[BlackElo "2368"]
[TimeControl "180+1"]
[EndTime "11:48:21 PST"]
[Termination "ARTHURMOTIVATOR won by resignation"]

1. Nf3 Nf6 2. c4 g6 3. Nc3 Bg7 4. e4 d6 5. d4 O-O 6. h3 c5 7. d5 e6 8. Bd3 Na6 9. O-O e5 10.
Bg5 h6 11. Be3 Nh7 12. Qc1 f5 13. Bxh6 f4 14. Bxg7 Kxg7 15. Nh2 Ng5 16. Be2 Nxh3+ 17. gxh3 Bxh3 18. Bg4 Bxg4 19. Nxg4 Qh4 20. Qd1 f3 21.
Ne3 Qg5+ 0-1

[Event "*** Titled Tuesday Blitz"]
[Site "Chess.com"]
[Date "2020.11.10"]
[Round "9"]
[White "juli2512"]
[Black "Forantes"]
[Result "0-1"]
[WhiteElo "2094"]
[BlackElo "2344"]
[TimeControl "180+1"]
[EndTime "11:48:27 PST"]
[Termination "Forantes won by resignation"]

1. e4 c5 2. Nf3 Nc6 3. d3 d5 4. exd5 Qxd5 5. Nc3 Qh5 6. Be3 Bg4 7. Be2 e5 8. Qd2 Qg6 9. h3 Bxf3 10. Bxf3 O-O-O 11. O-O f5 12. Qe2 f4 13. Bd2 Nd4 14. Qd1 Nf6 15. a4 Bd6 16. Nb5 Bb8 17. c3 Nxf3+ 18. Qxf3 Rxd3 19.
Qe2 f3 0-1

[Event "*** Titled Tuesday Blitz"]
[Site "Chess.com"]
[Date "2020.11.10"]
[Round "9"]
[White "WPWPWP-2015"]
[Black "ljuks68"]
[Result "0-1"]
[WhiteElo "2516"]
[BlackElo "2391"]
[TimeControl "180+1"]
[EndTime "11:48:30 PST"]
[Termination "ljuks68 won on time"]

1. d4 d5 2. c4 c6 3. Nf3 Nf6 4. e3 e6 5. Nbd2 c5 6. cxd5 exd5 7. Bd3 c4 8. Be2 Bf5 9. O-O Bd6 10. Ne5 Nc6 0-1

[Event "*** Titled Tuesday Blitz"]
[Site "Chess.com"]
[Date "2020.11.10"]
[Round "9"]
[White "Hasangatin_Ramil"]
[Black "InitiatingASC"]
[Result "1-0"]
[WhiteElo "2567"]
[BlackElo "2412"]
[TimeControl "180+1"]
[EndTime "11:48:36 PST"]
[Termination "Hasangatin_Ramil won by resignation"]

1. e4 c5 2. Nf3 Nc6 3. Bb5 Nf6 4. e5 Nd5 5. O-O g6 6. Bxc6 dxc6 7. h3 Bg7 8. d3 O-O 9. Re1 b6 10. Nbd2 Nc7 11. Ne4 Ne6 12. Be3 Nd4 13. Nxd4 cxd4 14. Bf4 c5 15. Qd2 Bb7 16. Bh6 Qd5 17. Bxg7 Kxg7 18. Qf4 Rae8 19. f3 f5 20. exf6+ exf6 21. Nd2 Qf7 22. a4 a5 23. Nc4 Re6 24. Nd6 Rxe1+ 25.
Rxe1 Qc7 26. Nf5+ 1-0

[Event "*** Titled Tuesday Blitz"]
[Site "Chess.com"]
[Date "2020.11.10"]
[Round "9"]
[White "WeAintSurePal"]
[Black "gui_borba"]
[Result "0-1"]
[WhiteElo "2300"]
[BlackElo "2433"]
[TimeControl "180+1"]
[EndTime "11:48:43 PST"]
[Termination "gui_borba won by resignation"]

1. d4 Nf6 2. Nf3 g6 3. Bg5 Bg7 4. Nbd2 d6 5. c3 O-O 6. e4 c5 7.
e5 Nd5 8. exd6 Qxd6 9. dxc5 Qxc5 10. Be2 Nc6 11. O-O h6 12. Bh4 Nf4 13. Bc4 Bf5 14.
Bg3 Nd3 15. Bxd3 Bxd3 16. Nb3 Qb5 17. Re1 Bf5 18. a4 Qc4 19. Nbd2 Qd5 20. Nb3 Rad8 21.
Qxd5 Rxd5 22. a5 a6 23. h3 e5 24. Nfd2 Rfd8 25. Ne4 Bxe4 26. Rxe4 Rd1+ 27. Rxd1 Rxd1+ 28. Kh2 f5 29. Rc4 f4 30. Bxf4 exf4 31. Nc5 Nxa5 32.
Rb4 Bf8 0-1